 Dungeon Crawl Stone Soup version 0.27-a0-1287-gca74d27db6 (webtiles) character file.

Game seed: 2565820230388802211

202 flotson the Skirmisher (level 5, -4/42 HPs)
             Began as a Demonspawn Fighter on June 14, 2021.
             Killed by divine providence
             ... invoked by an orc priest
              (14 damage)
             ... on level 3 of the Dungeon.
             The game lasted 00:04:25 (1879 turns).

flotson the Skirmisher (Demonspawn Fighter)         Turns: 1879, Time: 00:04:26

Health: -4/42      AC:  8    Str: 17    XL:     5   Next: 50%
Magic:  5/5        EV:  7    Int:  9    God:
Gold:   90         SH:  9    Dex: 13    Spells: 4/4 levels left

rFire    . . .     SeeInvis .   a - +1 hand axe (venom)
rCold    . . .     Faith    .   c - +0 kite shield
rNeg     . . .     Spirit   .   h - +0 scale mail
rPois    .         Reflect  .   (no helmet)
rElec    .         Harm     .   (no cloak)
rCorr    .         Rampage  .   (no gloves)
Will     .....                  (no boots)
Stlth    ..........             (no amulet)
HPRegen  0.14/turn              (no ring)
MPRegen  0.09/turn              (no ring)

@: no status effects
A: icy blue scales 1, ignite blood 2
a: no special abilities


You were on level 3 of the Dungeon.
You visited 1 branch of the dungeon, and saw 3 of its levels.

You collected 90 gold pieces.

Inventory:

Hand Weapons
 a - a +1 hand axe of venom (weapon)
 b - a +0 hunting sling
Missiles
 i - 38 stones (quivered)
Armour
 c - a +0 kite shield (worn)
 h - a +0 scale mail (worn)
Scrolls
 j - a scroll of fear {unknown}
Potions
 d - a potion of might
 e - a potion of heal wounds {unknown}
 f - a potion of lignification {unknown}
 g - a potion of curing {unknown}
 k - a potion of attraction {unknown}


   Skills:
 + Level 3.8 Fighting
 + Level 2.7 Axes
 + Level 3.5 Armour
 + Level 1.9 Dodging
 + Level 3.5 Shields


You had 4 spell levels left.
You didn't know any spells.
Your spell library contained the following spells:

 Spells                   Type           Power      Damage    Failure   Level
 Confusing Touch          Hex            0%         N/A       100%        3
 Gell's Gravitas          Tloc           0%         N/A       100%        3
 Petrify                  Tmut/Erth      0%         N/A       100%        4
 Metabolic Englaciation   Hex/Ice        0%         N/A       100%        5
 Yara's Violent Unravell  Hex/Tmut       0%         3d3       100%        5


Dungeon Overview and Level Annotations

Branches:
Dungeon (3/15)

Altars:

Shops:
D:1 [


Innate Abilities, Weirdness & Mutations

You are partially covered in icy blue scales. (AC +2)
Your demonic aura often causes spilled blood to erupt in flames.


Message History

A giant cockroach comes into view.
You hit the orc.
The orc is poisoned.
The orc is severely wounded.
The orc is engulfed in blazing flames.
You kill the orc!
The orc hits you but does no damage.
Things that are here:
a +0 whip; a +0 leather armour You barely miss the orc.
The orc hits you but does no damage.
You hit the giant cockroach.
The giant cockroach is poisoned.
The giant cockroach is almost dead.
You closely miss the orc.
You kill the giant cockroach!
The orc hits you but does no damage. The orc hits you with a +0 flail.
The orc priest hits you with a +0 falchion.
You hit the orc priest.
The orc priest is poisoned.
The orc priest is lightly wounded.
You hit the orc priest.
The orc priest is poisoned.
You closely miss the orc. You block the orc priest's attack.
The orc hits you but does no damage.
The orc priest invokes the aid of Beogh against you.
Beogh smites you!
The orc priest calls upon Beogh to heal the orc priest.
The orc priest's wounds heal themselves!
You hit the orc priest.
The orc priest is moderately wounded.
You barely miss the orc. You hit the orc priest.
The orc priest looks as sick as possible!
You block the orc's attack.
The orc priest is engulfed in blazing flames.
You kill the orc priest!
You block the orc priest's attack.
You barely miss the orc priest.
The orc priest is severely wounded.
You closely miss the orc. You block the orc's attack.
The orc priest mumbles some strange prayers to Beogh against you.
Pain shoots through your body! The orc hits you with a +0 flail.
* * * LOW HITPOINT WARNING * * *
The orc priest calls down the wrath of Beogh upon you.
Beogh smites you!
You die...

...... .....###### ..
#.....#... ..
#.#...#.# ..
###.#)....## #
###...†......######
....................
.....................
........?..@☼........
...........oo........
..
###..................
..
#...)..............
o.
#...................
.o
#..#.........#..#....
.[
..##.........<.......
. #..######.)........
#.# #............


You could see an orc priest (very poisoned) and an orc.

Vanquished Creatures
  A scorpion (D:2)
  An orc priest (D:3)
  3 adders
  4 dart slugs
  5 orcs
  2 ball pythons (D:1)
  11 endoplasms
  6 giant cockroaches
  4 goblins
  13 hobgoblins
  2 jackals (D:2)
  2 quokkas (D:2)
  4 bats
  5 frilled lizards
  4 kobolds
  3 rats (D:1)
70 creatures vanquished.

Notes
Turn   | Place    | Note
-------+----------+-------------------------------------------
     0 | D:1      | flotson the Demonspawn Fighter began the quest for the Orb.
     0 | D:1      | Reached XP level 1. HP: 18/18 MP: 1/1
    88 | D:1      | Gained mutation: Your demonic aura sometimes causes spilled
                  | blood to erupt in flames. [demonic ancestry]
    88 | D:1      | Reached XP level 2. HP: 22/24 MP: 2/2
   396 | D:1      | Found Mikkuvink's Armour Shop.
   431 | D:1      | Gained mutation: Your demonic aura often causes spilled
                  | blood to erupt in flames. [demonic ancestry]
   431 | D:1      | Reached XP level 3. HP: 29/29 MP: 3/3
   493 | D:1      | Reached skill level 1 in Dodging
  1305 | D:2      | Gained mutation: You are partially covered in icy blue
                  | scales. (AC +2) [demonic ancestry]
  1305 | D:2      | Reached XP level 4. HP: 35/35 MP: 4/4
  1548 | D:2      | Found a faded altar of an unknown god.
  1695 | D:3      | Noticed a scorpion
  1705 | D:2      | Killed a scorpion
  1706 | D:2      | Reached XP level 5. HP: 31/42 MP: 5/5
  1879 | D:3      | Killed from afar by an orc priest

Illustrated notes

Levels and vault maps discovered:
D:1:      saegor_arrival_simple_a, layout_basic, serial_shops, shop,
          minmay_quantized
D:2:      layout_basic, shapermc_ecumenical_altar_totnotflames,
          kennysheep_generic_room_2
D:3:      layout_rooms

Skill      XL: |  1  2  3 |
---------------+----------+-----
Shields        | 3 |  3.5
Axes           | 2 |  2.7
Dodging        | 1 |  1.9
Armour         | 3 |  3.5
Fighting       | |  3.8

Action                   |  1- 3 |  4- 6 || total
-------------------------+-------+-------++-------
Melee: War axe           |    71 |       ||    71
       Hand axe          |    27 |    52 ||    79
 Fire: Hunting sling     |       |     1 ||     1
Armor: Scale mail        |    45 |    31 ||    76
Dodge: Dodged            |    32 |    16 ||    48
Block: Kite shield       |    58 |    27 ||    85

Table legend: (Time is in decaauts)
 A = Elapsed time spent in this place.
 B = Non-inter-level travel time spent in this place.
 C = Inter-level travel time spent in this place.
 D = Time resting spent in this place.
 E = Time spent auto-exploring this place.
 F = Levels seen in this place.
 G = Mean time per level.
                   A        B        C        D        E       F      G
               +--------+--------+--------+--------+--------+-----+--------+
         Total |   1959 |   1893 |     66 |     76 |   1441 |   3 |  653.0 |
       Dungeon |   1959 |   1893 |     66 |     76 |   1441 |   3 |  653.0 |
               +--------+--------+--------+--------+--------+-----+--------+

Top non-repeatable levels by time:
     D:2: 1107 daAuts
     D:1: 789 daAuts
     D:3: 62 daAuts
